 Dungeon Crawl Stone Soup version 0.21-a0-582-g1b93aee (webtiles) character file.

95 Goblin1989 the Insei (level 4, -14/28 HPs)
             Began as an Octopode Transmuter on Dec 15, 2017.
             Demolished by an orc warrior
             ... wielding a +1 vampiric long sword
              (22 damage)
             ... on level 3 of the Dungeon on Dec 19, 2017.
             The game lasted 00:09:40 (2606 turns).

Goblin1989 the Insei (Octopode Transmuter)          Turns: 2606, Time: 00:09:41

Health: -14/28     AC:  3    Str:  9    XL:     4   Next: 65%
Magic:  5/7        EV: 12    Int: 16    God:
Gold:   96         SH:  0    Dex: 12    Spells: 1/7 levels left

rFire    . . .     SeeInvis .     - Unarmed
rCold    . . .     Gourm    .   (no shield)
rNeg     . . .     Faith    .   (helmet restricted)
rPois    .         Spirit   .   (no amulet)
rElec    .         Reflect  .   z - +2 ring of protection
rCorr    .         Harm     .   m - ring of protection from magic
MR       +....                  (no ring)
Stlth    ++........             (no ring)
HPRegen  0.09/turn              (no ring)
MPRegen  0.10/turn              (no ring)
                                (no ring)
                                (no ring)

@: flying, very slightly contaminated, heavily drained
A: almost no armour, stealthy swim, amphibious, 8 rings, constrict 8, camouflage
1, gelatinous body 1
a: no special abilities


You were on level 3 of the Dungeon.
You were not hungry.

You visited 1 branch of the dungeon, and saw 3 of its levels.

You collected 96 gold pieces.

Inventory:

Hand Weapons
 G - a +2 dagger of protection
 J - a +0 hunting sling
Missiles
 a - 62 arrows
 i - 178 stones (quivered)
 Z - a throwing net {!d}
Jewellery
 m - a ring of protection from magic (right tentacle)
 z - a +2 ring of protection (left tentacle)
 C - an uncursed amulet of faith {!P}
Scrolls
 x - a scroll of teleportation {unknown}
 y - 6 scrolls of remove curse {unknown}
 B - 5 scrolls of identify {unknown}
 E - a scroll of enchant weapon {unknown}
 W - a scroll of enchant armour {unknown}
Books
 v - a book of Changes

   Spells                             Type                      Level
   a - Beastly Appendage              Transmutation                1
   b - Sticks to Snakes               Transmutation                2
   c - Spider Form                    Transmutation/Poison         3
   d - Ice Form                       Ice/Transmutation            4
   e - Blade Hands                    Transmutation                5
Comestibles
 e - 3 rations {@e1}
 g - a ration
 X - 2 chunks of flesh


   Skills:
 + Level 1.4(0.0) Fighting
 + Level 2.3(0.8) Dodging
 - Level 2.1(0.6) Stealth
 * Level 4.3(2.7) Unarmed Combat
 - Level 2.0(0.5) Spellcasting
 + Level 2.3(0.8) Transmutations
 + Level 0.9(0.0) Poison Magic


You had one spell level left.
You knew the following spells:

 Your Spells              Type           Power        Failure   Level  Hunger
a - Beastly Appendage     Tmut           #.....       17%         1    ##.....
b - Sticks to Snakes      Tmut           #.......     26%         2    ###....
c - Spider Form           Tmut/Pois      #.........   52%         3    ####...


Dungeon Overview and Level Annotations

Branches:
Dungeon (3/15)

Altars:
Makhleb
Vehumet


Innate Abilities, Weirdness & Mutations

You cannot wear most types of armour.
You are very stealthy in the water. (Stealth+)
You are amphibious.
You can wear up to eight rings at the same time.
You can use your tentacles to constrict eight enemies at once.
Your skin changes colour to match your surroundings (Stealth+).
Your rubbery body absorbs attacks. (AC +1, EV +1)


Message History

No target in view!
No target in view!
No target in view!
No target in view!
You butcher the giant cockroach corpse.
X - 3 chunks of flesh (gained 2)
There is a stone staircase leading up here.
Found a stone staircase leading up.
Found a stone staircase leading down.
No target in view!
A worm comes into view.
A worm is nearby!
A worm is nearby!
There is a stone staircase leading down here.
You barely miss the worm. You grab the worm. You constrict the worm.
The worm bites you.
You take 3 damage, and have 25/28 hp.
You tentacle-slap the worm.
The worm is lightly wounded.
You constrict the worm. You tentacle-slap the worm.
The worm is moderately wounded.
You constrict the worm. The worm bites you.
You take 1 damage, and have 24/28 hp.
You tentacle-slap the worm.
The worm is heavily wounded.
You constrict the worm. The worm barely misses you.
You tentacle-slap the worm but do no damage.
The worm is heavily wounded.
You constrict the worm. You tentacle-slap the worm.
The worm is severely wounded.
You constrict the worm. The worm bites you!
You take 10 damage, and have 14/28 hp.
MASSIVE DAMAGE!!
You are too injured to fight recklessly!
You are too injured to fight recklessly!
You are too injured to fight recklessly!
You are too injured to fight recklessly!
You are too injured to fight recklessly!
You are too injured to fight recklessly!
You are too injured to fight recklessly!
You are too injured to fight recklessly!
You are too injured to fight recklessly!
You are too injured to fight recklessly!
You are too injured to fight recklessly!
You are too injured to fight recklessly!
You are too injured to fight recklessly!
You are too injured to fight recklessly!
You are too injured to fight recklessly!
You are too injured to fight recklessly!
You are too injured to fight recklessly!
You are too injured to fight recklessly!
You are too injured to fight recklessly!
You are too injured to fight recklessly!
You are too injured to fight recklessly!
You are too injured to fight recklessly!
You are too injured to fight recklessly!
You are too injured to fight recklessly!
You are too injured to fight recklessly!
You tentacle-slap the worm but do no damage.
The worm is severely wounded.
You constrict the worm. You tentacle-slap the worm.
You kill the worm!
Key pressed, stopping explore.
Eating one of 3 chunks of flesh.
You eat one of the 3 chunks of flesh.
This raw flesh tastes terrible.
Key pressed, stopping explore.
An orc warrior comes into view. It is wielding a vampiric long sword.
Health restored: 28 A rat, an orc and an orc wizard come into view.
The orc warrior shouts!
The orc shouts!
An orc wizard comes into view. It is wielding a dagger.
The orc wizard shouts!
The orc wizard mumbles some strange words.
The orc wizard flickers and vanishes!
Deactivating autopickup; reactivate with Ctrl-A.
Casting: Sticks to Snakes
Confirm with . or Enter, or press ? or * to list all spells.
You miscast Spider Form.
You are very lightly contaminated with residual magic.
Your skin tingles.
The orc warrior barely misses you.
You now have 4/7 mp.
Unknown command.
It was a potion of heal wounds.
You feel much better.
The orc warrior hits you with a vampiric long sword!
Ouch! That really hurt!
* * * LOW HITPOINT WARNING * * *
You take 17 damage, and have 11/28 hp.
MASSIVE DAMAGE!!
There is a stone staircase leading down, spattered with blood here.
It was a potion of curing.
You feel better.
The orc warrior hits you with a vampiric long sword!
* * * LOW HITPOINT WARNING * * *
You take 4 damage, and have 7/28 hp.
It was a potion of flight.
You feel very buoyant.
You fly up into the air.
The orc warrior hits you with a vampiric long sword!!
Ouch! That really hurt!
You die... █████████████ █.....o...r.█ █.█████████.█ ...█ █o██████ ██.█ █..r.r.█ .█ ██████o█

.█████████ █@█
.█.......█ █.███
.█.......█ █...█
██.......█ ███.█
█.......███████.█
█.......██.<....█
█.......██.████.█
█.....<.........█
██.███.███.█..█.█


You could see an orc warrior and a rat.

Vanquished Creatures
  An adder (D:2)
  2 worms
  A dart slug (D:1)
  3 leopard geckos
  2 orcs
  5 bats
  2 giant cockroaches
  10 goblins
  4 hobgoblins
  7 jackals
  A quokka (D:2)
  A ball python (D:3)
  4 frilled lizards
  8 kobolds
  8 rats
  A plant (D:1)
60 creatures vanquished.

Vanquished Creatures (collateral kills)
  An adder (D:2)
1 creature vanquished.

Vanquished Creatures (others)
  A kobold (D:2)
1 creature vanquished.

Grand Total: 62 creatures vanquished

Notes
Turn   | Place    | Note
-------+----------+-------------------------------------------
     0 | D:1      | Goblin1989 the Octopode Transmuter began the quest for the Orb.
     0 | D:1      | Reached XP level 1. HP: 13/13 MP: 3/3
   183 | D:1      | Reached skill level 1 in Stealth
   220 | D:1      | Reached XP level 2. HP: 18/18 MP: 3/5
   426 | D:1      | Upgraded the game from 0.21-a0-536-gdbbf329 to 0.21-a0-582-g1b93aee
   495 | D:1      | Reached XP level 3. HP: 22/23 MP: 6/6
   527 | D:1      | Learned a level 2 spell: Sticks to Snakes
   531 | D:1      | Learned a level 3 spell: Spider Form
  1106 | D:2      | Reached skill level 4 in Unarmed Combat
  1466 | D:2      | Reached XP level 4. HP: 27/28 MP: 0/7
  1567 | D:2      | Found a burning altar of Makhleb.
  1802 | D:2      | Found a radiant altar of Vehumet.
  2583 | D:3      | Noticed an orc warrior
  2606 | D:3      | Demolished by an orc warrior

Vault maps used:
D:1:      sevenhm_arrival_forest_fort_large_4
D:2:      fiery_altar_vehumet, lemuel_doored_altar, first_ration,
          kennysheep_generic_room_16

Skill      XL: |  1  2  3 |
---------------+----------+-----
Stealth        | 1 2 |  2.1
Unarmed Combat | 4 |  4.3
Fighting       | |  1.4
Dodging        | |  2.3
Spellcasting   | |  2.0
Transmutations | |  2.3
Poison Magic   | |  0.9

Action                   |  1- 3 |  4- 6 || total
-------------------------+-------+-------++-------
Melee: Unarmed           |    85 |    50 ||   135
       Tentacles         |    16 |     5 ||    21
       Constrict         |    18 |    14 ||    32
       Kick              |     4 |     1 ||     5
       Punch             |       |     1 ||     1
 Fire: Hunting sling     |    19 |       ||    19
 Cast: Beastly Appendage |     9 |       ||     9
       Spider Form       |     2 |       ||     2
       Sticks to Snakes  |     1 |       ||     1
  Use: Potion            |       |     3 ||     3
 Stab: Distracted        |     1 |       ||     1
       Sleeping          |       |     9 ||     9
  Eat: Chunk             |     3 |     4 ||     7
Armor: Skin              |    12 |     4 ||    16
Dodge: Dodged            |    41 |    12 ||    53

Table legend:
 A = Spawn XP
 B = Non-spawn XP
 C = Spawn XP percentage of total XP
 D = Spawn monster count
 E = Non-spawn monster count
 F = Spawn count percentage of total count
 G = Total turns spent on level
                    A         B        C        D         E        F      G
               +---------+---------+-------+---------+---------+-------+---------
         Total |       0 |     136 |   0.0 |       0 |      60 |   0.0 |  2606
               +---------+---------+-------+---------+---------+-------+---------
           D:1 |       0 |      46 |   0.0 |       0 |      26 |   0.0 |  1003
           D:2 |       0 |      69 |   0.0 |       0 |      24 |   0.0 |  1120
           D:3 |       0 |      21 |   0.0 |       0 |      10 |   0.0 |   483
               +---------+---------+-------+---------+---------+-------+---------

Vault maps used:
D:1:      sevenhm_arrival_forest_fort_large_4
D:2:      fiery_altar_vehumet, lemuel_doored_altar, first_ration,
          kennysheep_generic_room_16
